AoeStats
← meditator27

African Clearing

504760561Analyzed
3v3 RM · 25d ago on Sep 6, 2026· 52m 38s· 6 players
Game mode
Random Map
Map size
Normal (6 player)
Population
200
Speed
Normal
Resources
Standard
Victory
Conquest
Starting age
Dark Age
Ending age
Imperial Age
RankedLock teamsTeams togetherTeam positionsShared explorationLock speedFull tech treeHidden civsTurbo modeCheats
Victory
Defeat
🇧🇷 Lithuanians · Brazil
1252
+15
🇫🇷 Mongols · France
1184
+18
🇹🇼 Huns · Taiwan
1180
+19
🇺🇸 Lithuanians · United States
1257
-18
🇺🇸 Berbers · United States
1241
-18
🇪🇸 Armenians · Spain
1206
-16
pnharrel
6:21 Loom
12:05 Feudal Age
12:14 Man-at-Arms
13:42 Double-Bit Axe
19:28 Castle Age
18:16 Horse Collar
20:37 Scale Barding Armor
21:46 Chain Barding Armor
22:07 Bow Saw
23:26 Heavy Plow
30:41 Bloodlines
33:46 Chain Barding Armor
35:34 Hill Forts
39:47 Fletching
42:08 Wheelbarrow
46:33 Imperial Age
45:26 Bodkin Arrow
45:32 Padded Archer Armor
45:42 Forging
45:01 Elite Skirmisher
47:05 Leather Archer Armor
46:45 Cavalier
47:26 Husbandry
46:58 Elite Leitis
48:15 Hoardings
49:56 Conscription
52:14 Plate Barding Armor
52:14 Iron Casting
52:10 Ring Archer Armor
51:41 Bracer
Jersey_TitanX
5:31 Loom
11:53 Feudal Age
12:28 Double-Bit Axe
12:31 Town Watch
19:39 Fletching
19:50 Padded Archer Armor
24:37 Castle Age
24:51 Crossbowman
29:42 Town Patrol
30:23 Scale Barding Armor
31:14 Forging
32:03 Husbandry
40:49 Imperial Age
38:17 Horse Collar
39:19 Heavy Plow
41:53 Bodkin Arrow
42:13 Leather Archer Armor
42:14 Gold Mining
42:15 Stone Mining
44:11 Chain Barding Armor
45:40 Conscription
MCasals
12:16 Feudal Age
14:12 Loom
17:31 Castle Age
17:23 Scale Barding Armor
19:12 Chain Barding Armor
25:10 Husbandry
25:44 Bloodlines
28:43 Forging
33:43 Elite Skirmisher
40:20 Horse Collar
40:28 Double-Bit Axe
41:05 Light Cavalry
44:53 Iron Casting
46:33 Fletching
48:22 Bodkin Arrow
48:27 Padded Archer Armor
50:07 Ballistics
Rhum
4:33 Loom
13:29 Feudal Age
18:33 Forging
20:53 Horse Collar
20:59 Double-Bit Axe
23:10 Scale Barding Armor
27:43 Castle Age
27:04 Wheelbarrow
26:27 Gold Mining
28:44 Bow Saw
33:07 Scale Mail Armor
32:46 Pikeman
33:59 Husbandry
37:08 Pikeman
37:22 Pikeman
40:54 Hand Cart
42:27 Town Watch
46:00 Chain Mail Armor
46:16 Light Cavalry
53:03 Imperial Age
meditator27
5:55 Loom
13:49 Feudal Age
14:24 Double-Bit Axe
21:39 Castle Age
20:05 Horse Collar
21:23 Fletching
22:44 Bow Saw
24:33 Wheelbarrow
25:21 Bodkin Arrow
28:07 Bloodlines
28:27 Ballistics
30:08 Thumb Ring
30:06 Husbandry
31:50 Padded Archer Armor
32:41 Gold Mining
32:42 Stone Mining
39:48 Imperial Age
38:04 Gold Shaft Mining
40:16 Hand Cart
40:39 Bracer
40:11 Heavy Cavalry Archer
43:54 Chemistry
42:50 Light Cavalry
45:36 Conscription
45:12 Hussar
46:02 Heavy Plow
47:36 Forging
47:42 Leather Archer Armor
47:33 Scale Barding Armor
49:52 Iron Casting
51:32 Cavalier
Ko_TAE
4:14 Loom
13:05 Feudal Age
13:40 Double-Bit Axe
15:56 Fletching
23:30 Castle Age
21:51 Gold Mining
27:02 Bow Saw
28:16 Horse Collar
31:43 Scale Barding Armor
33:44 Bloodlines
36:28 Husbandry
38:50 Bodkin Arrow
39:59 Forging
46:13 Imperial Age
44:51 Wheelbarrow
44:05 Town Watch
44:27 Heavy Plow
46:35 Chain Barding Armor
45:55 Light Cavalry
51:33 Two-Man Saw
50:38 Capped Ram
Connection lost

Rejoining the realm…

Still unreachable

The connection could not be restored.

Session expired

The server has moved on; the page needs a fresh start.